 Dungeon Crawl Stone Soup version 0.22-a0-469-gf26638a (webtiles) character file.

115 protoss039 the Conjurer (level 4, -3/24 HPs)
             Began as a Deep Elf Conjurer on June 11, 2018.
             Slain by a gnoll
             ... wielding a +0 spear
              (7 damage)
             ... on level 2 of the Dungeon.
             The game lasted 00:06:35 (1683 turns).

protoss039 the Conjurer (Deep Elf Conjurer)         Turns: 1683, Time: 00:06:35

Health: -3/24      AC:  5    Str:  5    XL:     4   Next: 68%
Magic:  1/13       EV: 13    Int: 21    God:
Gold:   94         SH:  0    Dex: 15    Spells: 3/13 levels left

rFire    . . .     SeeInvis .   i - +0 short sword
rCold    . . .     Gourm    .   (no shield)
rNeg     . . .     Faith    .   a - +0 robe
rPois    .         Spirit   .   (no helmet)
rElec    .         Reflect  .   (no cloak)
rCorr    .         Harm     .   j - +2 pair of gloves
MR       .....                  (no boots)
Stlth    ++........             (no amulet)
HPRegen  0.08/turn              (no ring)
MPRegen  0.13/turn              (no ring)

@: no status effects
A: no striking features
a: no special abilities


You were on level 2 of the Dungeon.
You were hungry.

You visited 1 branch of the dungeon, and saw 2 of its levels.

You collected 94 gold pieces.

Inventory:

Hand Weapons
 i - a +0 short sword (weapon)
Armour
 a - a +0 robe (worn)
 j - a +2 pair of gloves (worn)
Scrolls
 b - 4 scrolls of identify {unknown}
 g - 4 scrolls of teleportation {unknown}
 h - a scroll of enchant armour {unknown}
 k - 3 scrolls of remove curse {unknown}
 m - a scroll of noise {unknown}
Potions
 d - a potion of haste {unknown}
 e - a potion of might {unknown}
 f - a potion of brilliance {unknown}
 l - a potion of degeneration {unknown}
 n - a potion of heal wounds {unknown}
 o - a potion of agility {unknown}
Comestibles
 c - 4 rations
 p - 2 chunks of flesh


   Skills:
 - Level 2.4 Dodging
 - Level 2.4 Stealth
 + Level 5.4 Spellcasting
 - Level 5.5 Conjurations


You had 3 spell levels left.
You knew the following spells:

 Your Spells              Type           Power        Failure   Level  Hunger
a - Magic Dart            Conj           ####         1%          1    None
b - Searing Ray           Conj           ####..       1%          2    None
c - Dazzling Spray        Conj/Hex       ###...       10%         3    ##.....
d - Iskenderun's Mystic   Conj           ####....     11%         4    ####...

Your spell library contained the following spells:

 Spells                   Type           Power        Failure   Level  Hunger
 Fulminant Prism          Conj/Hex       ###.......   32%         4    ####...
 Force Lance              Conj/Tloc      ###.....     32%         4    ####...


Dungeon Overview and Level Annotations

Branches:
Dungeon (2/15)

Altars:
Gozag


Message History

The gnoll hits you with a club.
The gnoll hits you from afar with a spear!
The gnoll is no longer blind.
You see here a halberd.
The gnoll hits you with a club.
There is a stone staircase leading down here.
Casting: Magic Dart (safe; 1% risk of failure)
Confirm with . or Enter, or press ? or * to list all spells.
Aiming: Searing Ray (safe; 1% risk of failure)
Press: ? - help, Shift-Dir - straight line, f - gnoll, p - gnoll
Aim: a gnoll, wielding a spear The searing ray hits the gnoll.
The gnoll is severely wounded. (Press . to maintain the ray.)
The gnoll hits you with a club!
* * * LOW HITPOINT WARNING * * *
The searing ray hits the gnoll.
You kill the gnoll!
The gnoll hits you from afar with a spear!
You die...

#.............##...##.#.# ###..#
#.##..........#8...8#...###....#
#.##..##########...##....#....##
#.##..###8###8##...##..#...#..#
......#............##...#######
#.##.##............⌠#...#
#.##...............##...#
#.#####.#8###8##...##...# #.#
#.########@..##...# #.#####.##.#
.#8)..8##..# [.......##.#
.##g..##...#
#.########.##.##...###.##
#........)....##..÷###.#####+#
#######.##.####8...8##.......#
#.##....##...###.#######
#.#######....##.#.## #.#
####.......###.##


You could see a gnoll.

Vanquished Creatures
  2 gnolls (D:2)
  An adder (D:2)
  3 worms (D:2)
  A dart slug (D:2)
  5 leopard geckos
  7 bats
  14 giant cockroaches
  12 goblins
  3 hobgoblins
  5 frilled lizards
  4 kobolds (D:1)
  7 rats
64 creatures vanquished.

Notes
Turn   | Place    | Note
-------+----------+-------------------------------------------
     0 | D:1      | protoss039 the Deep Elf Conjurer began the quest for the Orb.
     0 | D:1      | Reached XP level 1. HP: 10/10 MP: 6/6
   423 | D:1      | Reached XP level 2. HP: 15/15 MP: 5/8
   427 | D:1      | Reached skill level 5 in Conjurations
   713 | D:1      | Reached XP level 3. HP: 19/19 MP: 6/9
   717 | D:1      | Learned a level 2 spell: Searing Ray
   721 | D:1      | Learned a level 3 spell: Dazzling Spray
  1195 | D:2      | Reached XP level 4. HP: 18/24 MP: 7/12
  1201 | D:2      | Learned a level 4 spell: Iskenderun's Mystic Blast
  1456 | D:2      | Found an opulent altar of Gozag.
  1612 | D:2      | Reached skill level 5 in Spellcasting
  1683 | D:2      | Slain by a gnoll

Vault maps used:
D:1:      dpeg_arrival_fog
D:2:      minmay_roachtagon, lemuel_doored_altar, hex_medium,
          corexii_hall_statues_t, grunt_ministairs_3, minmay_pentomino_v2

Skill      XL: |  1  2  3  4 |
---------------+-------------+-----
Conjurations   | 5 |  5.5
Spellcasting   | 4 5 |  5.4
Dodging        | |  2.4
Stealth        | |  2.4

Action                   |  1- 3 |  4- 6 || total
-------------------------+-------+-------++-------
Melee: Unarmed           |     6 |       ||     6
       Short sword       |    38 |     1 ||    39
 Cast: Magic Dart        |    73 |    22 ||    95
       Searing Ray       |     2 |     4 ||     6
       Dazzling Spray    |     2 |     2 ||     4
 Stab: Sleeping          |     1 |       ||     1
       Invisible         |       |     1 ||     1
  Eat: Chunk             |     1 |     1 ||     2
Armor: Robe              |     8 |       ||     8
Dodge: Dodged            |    36 |     2 ||    38

Table legend:
 A = Spawn XP
 B = Non-spawn XP
 C = Spawn XP percentage of total XP
 D = Spawn monster count
 E = Non-spawn monster count
 F = Spawn count percentage of total count
 G = Total turns spent on level
                    A         B        C        D         E        F      G
               +---------+---------+-------+---------+---------+-------+---------
         Total |       0 |     165 |   0.0 |       0 |      64 |   0.0 |  1683
               +---------+---------+-------+---------+---------+-------+---------
           D:1 |       0 |      51 |   0.0 |       0 |      28 |   0.0 |   817
           D:2 |       0 |     114 |   0.0 |       0 |      36 |   0.0 |   866
               +---------+---------+-------+---------+---------+-------+---------
